 Dungeon Crawl Stone Soup version 0.22-a0-274-gf8199ec (webtiles) character file.

2 Amnesiac the Magician (level 1, -2/13 HPs)
             Began as a Mummy Wizard on Mar 13, 2018.
             Slain by a leopard gecko (5 damage)
             ... on level 1 of the Dungeon.
             The game lasted 00:00:14 (83 turns).

Amnesiac the Magician (Mummy Wizard)                  Turns: 83, Time: 00:00:15

Health: -2/13      AC:  2    Str: 10    XL:     1   Next: 33%
Magic:  5/5        EV: 12    Int: 17    God:
Gold:   10         SH:  0    Dex: 10    Spells: 7/8 levels left

rFire    x . .     SeeInvis .   d - +0 hand axe
rCold    + . .     Gourm    .   (no shield)
rNeg     + + +     Faith    .   a - +0 robe
rPois    ∞         Spirit   .   b - +0 hat
rElec    .         Reflect  .   (no cloak)
rCorr    .         Harm     .   (no gloves)
MR       .....                  (no boots)
Stlth    ++........             (no amulet)
HPRegen  0.04/turn              (no ring)
MPRegen  0.09/turn              (no ring)

@: no status effects
A: no food or potions, fire vulnerability, cold resistance 1, negative energy
resistance 3, torment resistance, unbreathing
a: no special abilities


You were on level 1 of the Dungeon.
You were not hungry.

You visited 1 branch of the dungeon, and saw 1 of its levels.

You collected 10 gold pieces.

Inventory:

Hand Weapons
 d - a +0 hand axe (weapon)
Missiles
 c - 12 sling bullets
Armour
 a - a +0 robe (worn)
 b - a +0 hat (worn)
Scrolls
 e - a scroll of remove curse {!r, unknown}


   Skills:
 - Level 1.5 Dodging
 - Level 1.5 Stealth
 - Level 4.0 Spellcasting
 + Level 1.1 Conjurations
   Level 0.7 Summonings
   Level 0.7 Translocations


You had 7 spell levels left.
You knew the following spells:

 Your Spells              Type           Power        Failure   Level  Hunger
a - Magic Dart            Conj           #...         10%         1    N/A

Dungeon Overview and Level Annotations

Branches:
Dungeon (1/15)

Altars:


Innate Abilities, Weirdness & Mutations

You do not eat or drink.
Your flesh is vulnerable to fire.
You are immune to poison.
Your flesh is cold resistant. (rC+)
You are immune to negative energy. (rN+++)
You are immune to unholy pain and torment.
You can survive without breathing.


Message History

Welcome, Amnesiac the Mummy Wizard.
Will you be the one to retrieve the fabulous Orb of Zot from the depths?
Press ? for a list of commands and other information.
Found a staircase leading out of the dungeon.
You open the door.
There is an open door here.
You now have 10 gold pieces.
Found a hand axe.
Found 12 sling bullets.
A hobgoblin comes into view. It is wielding a club.
The hobgoblin shouts!
You see here 12 sling bullets.
c - 12 sling bullets A frilled lizard comes into view.
The frilled lizard hisses angrily.
You see here a hand axe.
d - a hand axe Wield which item (- for none, * to show all)? (? for menu, Esc to quit)
d - a +0 hand axe (weapon)
You hit the hobgoblin.
You kill the hobgoblin!
Your Conjurations skill increases to level 1!
You see here a club.
You completely miss the frilled lizard.
The frilled lizard bites you but does no damage.
The frilled lizard misses you.
You hit the frilled lizard.
You kill the frilled lizard!
No target in view!
No target in view!
You see here a club.
Found 25 arrows.
You see here 25 arrows.
e - a scroll labeled CESUPO CYLL {!r}
Found a stone staircase leading down.
No target in view!
There is a stone staircase leading down here.
A leopard gecko, a bat and a dart slug come into view.
There are monsters nearby!
A goblin comes into view. It is wielding a club.
The leopard gecko hisses angrily.
The bat hits you.
There are monsters nearby!
You miss the bat. The bat barely misses you. The bat closely misses you.
The bat hits you but does no damage.
There are monsters nearby!
You hit the bat.
You kill the bat!
The leopard gecko bites you.
You hit the leopard gecko.
The leopard gecko is moderately wounded.
The leopard gecko bites you.
* * * LOW HITPOINT WARNING * * *
You are too injured to fight recklessly!
You are too injured to fight recklessly!
You are too injured to fight recklessly!
You are too injured to fight recklessly!
You are too injured to fight recklessly!
The leopard gecko bites you.
You die...

#.......#
#.#######
#.# #.# #.
#># ... #.#
.... #.#
.....
#.####......
#.@lgw......
######......
..... ....
.## #


You could see a dart slug, a leopard gecko and a goblin.

Vanquished Creatures
  A hobgoblin (D:1)
  A bat (D:1)
  A frilled lizard (D:1)
3 creatures vanquished.

Notes
Turn   | Place    | Note
-------+----------+-------------------------------------------
     0 | D:1      | Amnesiac the Mummy Wizard began the quest for the Orb.
     0 | D:1      | Reached XP level 1. HP: 13/13 MP: 5/5
    36 | D:1      | Reached skill level 1 in Conjurations
    83 | D:1      | Slain by a leopard gecko

Vault maps used:
D:1:      saegor_arrival_simple_b, serial_bayou_pond_e

Skill      XL: |  1 |
---------------+----+-----
Conjurations   | 1 |  1.1
Dodging        | |  1.5
Stealth        | |  1.5
Spellcasting   | |  4.0
Summonings     | |  0.7
Translocations | |  0.7

Action                   || total
-------------------------++-------
Melee: Hand axe          ||     6
Armor: Robe              ||     2
Dodge: Dodged            ||     3

Table legend:
 A = Spawn XP
 B = Non-spawn XP
 C = Spawn XP percentage of total XP
 D = Spawn monster count
 E = Non-spawn monster count
 F = Spawn count percentage of total count
 G = Total turns spent on level
                    A         B        C        D         E        F      G
               +---------+---------+-------+---------+---------+-------+---------
         Total |       0 |       4 |   0.0 |       0 |       3 |   0.0 |    83
               +---------+---------+-------+---------+---------+-------+---------
           D:1 |       0 |       4 |   0.0 |       0 |       3 |   0.0 |    83
               +---------+---------+-------+---------+---------+-------+---------
